 Dungeon Crawl Stone Soup version 0.29-a0-322-g68df515428 (webtiles) character file.

Game seed: 11043320875485295913

9 Flugkiller the Sneak (level 2, -2/21 HPs)
             Began as an Octopode Delver on Apr 7, 2022.
             Slain by a black bear (5 damage)
             ... on level 6 of the Dungeon.
             The game lasted 00:00:54 (190 turns).

Flugkiller the Sneak (Octopode Delver)               Turns: 190, Time: 00:00:55

Health: -2/21      AC:  1    Str: 11    XL:     2   Next: 12%
Magic:  2/2        EV: 13    Int: 12    God:
Gold:   40         SH:  0    Dex: 13    Spells: 1/1 levels left

rFire   . . .      SeeInvis .   g - +3 short sword
rCold   . . .      Faith    .   (no shield)
rNeg    . . .      Spirit   .   (helmet restricted)
rPois   .          Reflect  .   (no amulet)
rElec   .          Harm     .   (no ring)
rCorr   .          Rampage  .   (no ring)
Will    .....                   (no ring)
Stlth   ++++......              (no ring)
HPRegen 0.07/turn               (no ring)
MPRegen 0.08/turn               (no ring)
                                (no ring)
                                (no ring)

@: no status effects
A: almost no armour, amphibious, 8 rings, camouflage 1, gelatinous body 1,
(nimble swimmer 1), tentacles
a: no special abilities


You were on level 6 of the Dungeon.
You visited 1 branch of the dungeon, and saw 3 of its levels.

You collected 40 gold pieces.

Inventory:

Hand Weapons
 a - a +0 short sword
 g - a +3 short sword (weapon)
   (You found it on level 4 of the Dungeon)
Wands
 f - a wand of digging (3)
Scrolls
 b - a scroll of fog
 d - a scroll of fear
 e - a scroll of immolation {unknown}
Potions
 h - a potion of haste


   Skills:
 - Level 3.0 Fighting
 - Level 2.0 Short Blades
 + Level 2.8 Dodging
 - Level 6.6 Stealth


You had one spell level left.
You didn't know any spells.
Your spell library was empty.

Dungeon Overview and Level Annotations

Branches:
Dungeon (6/15)
 Temple: D:4-7

Altars:

Annotations:
D:6 exclusion: black bear


Innate Abilities, Weirdness & Mutations

You cannot wear most types of armour.
You are amphibious.
You can wear up to eight rings at the same time.
Your skin changes colour to match your surroundings (Stealth+).
Your rubbery body absorbs attacks. (AC +1, EV +1)
((You are camouflaged when in or above water. (Stealth+)))
You have tentacles for arms and can constrict up to eight enemies at once.


Message History

Welcome, Flugkiller the Octopode Delver.
You feel drawn to the Orb of Zot, downwards into the unfathomable depths...
Press ? for a list of commands and other information.
Found a scroll labelled GEOCHUFICK.
Found a stone staircase leading down.
e - a scroll labelled GEOCHUFICK
Found a stone staircase leading down.
An adder comes into view.
Found a stone staircase leading up.
There is a stone staircase leading down here.
The helpless adder fails to defend itself.
You puncture the adder!
You kill the adder!
You have reached level 2!
Found 11 gold pieces.
There is a stone staircase leading up here.
Found a stone staircase leading up.
You now have 11 gold pieces.
There is a stone staircase leading up here.
You climb upwards.
You hear the sound of rushing water.
There is an entrance to a sewer on this level.
Hurry and find it before the portal rusts away!
Found 9 gold pieces.
There is a stone staircase leading down here.
You now have 20 gold pieces (gained 9).
Found 6 poisoned darts.
Found a runed short sword.
Found 20 gold pieces.
You see here a +3 short sword.
g - a +3 short sword
g - a +3 short sword (weapon)
You now have 40 gold pieces (gained 20).
A sourceless malevolence fills the Dungeon...
You fall into a shaft and drop 2 floors!
The shaft crumbles and collapses.
You open the door.
There is an open door here.
You open the door.
There is an open door here.
You open the door.
Found a flail.
There is an open door here.
You open the door.
There is an open door here.
There is an open door here.
There is an open door here.
You open the door.
A black bear comes into view.
There is an open door here.
There is an open door here.
There is an open door here.
As you read the scroll of magic mapping, it crumbles to dust.
You feel aware of your surroundings.
Unknown command.
There is an open door here.
There is an open door here.
Really wriggle into a travel-excluded area?
There is an open door here.
The helpless black bear fails to defend itself.
You puncture the black bear! You grab the black bear.
You squeeze the black bear, but do no damage.
The black bear is heavily wounded.
You constrict the black bear. The black bear bites you.
The black bear claws you. The black bear completely misses you.
You hit the black bear but do no damage.
The black bear is heavily wounded.
You constrict the black bear, but do no damage.
The black bear misses you.
The black bear claws you but does no damage.
The black bear claws you.
You hit the black bear.
The black bear is severely wounded.
You constrict the black bear, but do no damage.
The black bear bites you. The black bear claws you.
* * * LOW HITPOINT WARNING * * *
The black bear claws you.
* * * LOW HITPOINT WARNING * * *
Unknown command.
You hit the black bear.
The black bear is severely wounded.
You constrict the black bear. The black bear bites you.
You die...

,*,,,,,,,* #.......#...#
,*,,,,,,,*******###########'#
,**+**,,,,*,,,,,,,,###.###..#
,,,,,*,,,,*,,,,,,,,#........#
,,,,,*,,,,*,,*,,,,,#........#
,**+**,,,,*,,*,,,,,#...##...#
,**,,*,,,,*,,*,,,,,#...###'##
,,,,,+,,,,#..#######....#...#
,**,,*,,,,#.....@.#.....#...#
***,,*,,,,#....h..'.....#...#
,***+*,,,,#..############...#
,,*,,+,,,,#.,**,,,**,,,*#...#
,,*,,*,,,,*,,,,,,,*,,,,##...#
***+**,,,,*,,,,,,,+,,,,#....#
,,,,,,,,,,*,,,,,,,*,,,,#....#
,,,,,,,,,,*,,**,,,**,,,##...#
,,,,,,,,,,*,,**,,,**,,,*#####


You could see a black bear.

Vanquished Creatures
  An adder (D:5)
1 creature vanquished.

Notes
Turn   | Place    | Note
-------+----------+-------------------------------------------
     0 | D:5      | Flugkiller the Octopode Delver began the quest for the Orb.
     0 | D:5      | Reached XP level 1. HP: 16/16 MP: 1/1
    30 | D:5      | Reached XP level 2. HP: 21/21 MP: 2/2
    83 | D:4      | You fall into a shaft and drop 2 floors!
   125 | D:6      | Noticed a black bear
   190 | D:6      | Slain by a black bear

Illustrated notes

Levels and vault maps discovered:
D:4:      layout_cave_pods, minmay_temple_entry_large_hall,
          gup_sewer_entry_bubbles
D:5:      layout_rooms, kennysheep_minor_cross
D:6:      layout_gridville, minmay_ruffians

Action                   || total
-------------------------++-------
Melee: Short sword       ||     5
       Constrict         ||     1
       Tentacles         ||     1
  Use: Scroll            ||     1
 Stab: Sleeping          ||     2
Armor: Skin              ||     1
Dodge: Dodged            ||     2

Table legend: (Time is in decaauts)
 A = Elapsed time spent in this place.
 B = Non-inter-level travel time spent in this place.
 C = Inter-level travel time spent in this place.
 D = Time resting spent in this place.
 E = Time spent auto-exploring this place.
 F = Levels seen in this place.
 G = Mean time per level.
                   A        B        C        D        E       F      G
               +--------+--------+--------+--------+--------+-----+--------+
         Total |    189 |    164 |     25 |      0 |      0 |   3 |   63.0 |
       Dungeon |    189 |    164 |     25 |      0 |      0 |   3 |   63.0 |
               +--------+--------+--------+--------+--------+-----+--------+

Top non-repeatable levels by time:
     D:6: 106 daAuts
     D:5: 44 daAuts
     D:4: 38 daAuts
